 Dungeon Crawl Stone Soup version 0.19-a0-1632-g9dea0c8 (webtiles) character file.

137370 PurpleRed the Eclecticist (level 16, -2/87 HPs)
             Began as a Deep Elf Conjurer on Sept 23, 2016.
             Was the Champion of Vehumet.
             Slain by an Executioner (3 damage)
             ... on level 3 of the Abyss on Sept 24, 2016.
             The game lasted 01:53:12 (18749 turns).

PurpleRed the Eclecticist (Deep Elf Conjurer)      Turns: 18749, Time: 01:53:13

Health: -2/87      AC:  9    Str:  5    XL:     16   Next: 68%
Magic:  32/59      EV: 18    Int: 36    God:    Vehumet [******]
Gold:   531        SH: 11    Dex: 21    Spells: 10 memorised, 16 levels left

rFire  + + +     SeeInvis .     V - +10 demon blade of Focus {freeze, MR+ Int+6 Dex+4}
rCold  x . .     Gourm    .     H - +2 robe {rC+ rF+}
rNeg   . . .     Faith    .     u - +2 buckler
rPois  .         Spirit   .     x - +1 helmet "Lahih" {*Drain MP+9 Int+2 Dex+2}
rElec  .         Dismiss  .     (no cloak)
rCorr  .         Reflect  +     t - +2 pair of gloves
MR     ++...     Harm     .     (no boots)
Stlth  ++........               g - +3 amulet of reflection
                                y - ring of magical power
                                z - ring of wizardry

@: immune to fire clouds, very slightly contaminated, hasted, delayed fireball,
very quick
A: no striking features
a: Renounce Religion, Release Delayed Fireball


You were on level 3 of the Abyss.
You worshipped Vehumet.
Vehumet was exalted by your worship.
You were hungry.

You visited 4 branches of the dungeon, and saw 21 of its levels.
You visited the Abyss 1 time.
You also visited: Ice Cave.

You collected 2054 gold pieces.
You spent 1523 gold pieces at shops.

Inventory:

Hand Weapons
 V - the +10 demon blade of Focus (weapon) {freeze, MR+ Int+6 Dex+4}
   (You found it in an ice cave)

   It has been specially enchanted to freeze those struck by it, causing extra
   injury to most foes and up to half again as much damage against particularly
   susceptible opponents.
   It can also slow down cold-blooded creatures.
   It affects your intelligence (+6).
   It affects your dexterity (+4).
   It affects your resistance to hostile enchantments.
Armour
 b - a +2 robe of positive energy
 t - a +2 pair of gloves (worn)
 u - a +2 buckler (worn)
 x - the +1 helmet "Lahih" (worn) {*Drain MP+9 Int+2 Dex+2}
   (You bought it in a shop on level 2 of the Orcish Mines)

   It affects your intelligence (+2).
   It affects your dexterity (+2).
   It affects your magic capacity (+9).
   It causes draining when unequipped.
 H - a +2 robe of resistance (worn)
 N - a +1 troll leather armour
 O - a +2 robe of magic resistance
Magical Staves
 W - an uncursed staff of earth
Rods
 Y - a +0 iron rod (13/13)
   (You found it on level 1 of the Elven Halls)
Jewellery
 a - an uncursed ring of flight
 g - a +3 amulet of reflection (around neck)
 y - a ring of magical power (right hand)
 z - a ring of wizardry (left hand)
 B - an uncursed ring of resist corrosion
 F - a +3 ring of strength
 P - an uncursed amulet of the gourmand
Wands
 v - a wand of acid (5/15)
 w - a wand of teleportation (5/9)
 A - a wand of iceblast (7/15)
 C - a wand of lightning (6/15)
 U - a wand of confusion (21/48)
Scrolls
 i - 7 scrolls of remove curse
 m - 4 scrolls of enchant weapon
 o - 4 scrolls of enchant armour
 p - 4 scrolls of magic mapping
 G - 7 scrolls of identify
Potions
 d - 3 potions of brilliance
 e - a potion of haste
 f - 6 potions of curing
 l - 2 potions of agility
 n - a potion of berserk rage
 q - a potion of magic
 D - 2 potions of ambrosia
 E - a potion of mutation
 S - a potion of cancellation
Books
 I - a book of Death

   Spells                             Type                      Level
   a - Corpse Rot                     Necromancy                   2
   b - Sublimation of Blood           Necromancy                   2
   c - Agony                          Necromancy                   5
   d - Dispel Undead                  Necromancy                   5
   e - Excruciating Wounds            Charms/Necromancy            5
   f - Bolt of Draining               Conjuration/Necromancy       5
 K - a book of the Sky

   Spells                             Type                      Level
   a - Summon Lightning Spire         Summoning/Air                4
   b - Airstrike                      Air                          4
   c - Silence                        Hexes/Air                    5
   d - Deflect Missiles               Charms/Air                   6
   e - Conjure Ball Lightning         Conjuration/Air              6
   f - Tornado                        Air                          9
 L - a book of Beasts

   Spells                             Type                      Level
   a - Summon Butterflies             Summoning                    1
   b - Call Canine Familiar           Summoning                    3
   c - Summon Ice Beast               Ice/Summoning                4
   d - Summon Mana Viper              Hexes/Summoning              5
   e - Summon Hydra                   Summoning                    7
 R - a book of Unlife

   Spells                             Type                      Level
   a - Recall                         Summoning/Translocation      3
   b - Animate Dead                   Necromancy                   4
   c - Control Undead                 Necromancy                   4
   d - Cigotuvi's Embrace             Necromancy                   5
   e - Death Channel                  Necromancy                   6
   f - Simulacrum                     Ice/Necromancy               6
 X - a book of Necromancy

   Spells                             Type                      Level
   a - Pain                           Necromancy                   1
   b - Animate Skeleton               Necromancy                   1
   c - Vampiric Draining              Necromancy                   3
   d - Regeneration                   Charms/Necromancy            3
   e - Animate Dead                   Necromancy                   4
   f - Control Undead                 Necromancy                   4
 Z - a book of the Earth

   Spells                             Type                      Level
   a - Leda's Liquefaction            Hexes/Earth                  4
   b - Bolt of Magma                  Conjuration/Fire/Earth       5
   c - Statue Form                    Transmutation/Earth          6
   d - Iron Shot                      Conjuration/Earth            6
   e - Shatter                        Earth                        9
Miscellaneous
 r - a lamp of fire
Comestibles
 c - 13 bread rations
 j - 10 beef jerkies
 k - 11 meat rations
 M - 11 fruits


   Skills:
 - Level 5.0 Fighting
 - Level 7.2 Dodging
 - Level 2.4 Stealth
 - Level 4.6 Shields
 + Level 19.4 Spellcasting
 - Level 17.9 Conjurations
 - Level 11.3 Charms
 - Level 6.6 Necromancy
 + Level 15.3 Fire Magic


You had 16 spell levels left.
You knew the following spells:

 Your Spells              Type           Power        Failure   Level  Hunger
a - Magic Dart            Conj           ####         0%          1    None
b - Searing Ray           Conj           ######       0%          2    None
c - Iskenderun's Mystic   Conj           ########     0%          4    None
d - Iskenderun's Battles  Conj/Chrm      #######.     1%          5    None
e - Fireball              Conj/Fire      ########..   1%          5    None
f - Bolt of Fire          Conj/Fire      ########..   1%          6    None
g - Delayed Fireball      Conj/Fire      N/A          1%          7    None
h - Ring of Flames        Chrm/Fire      ########..   1%          7    None
r - Regeneration          Chrm/Necr      #######...   1%          3    None
x - Sublimation of Blood  Necr           ######....   1%          2    None


Dungeon Overview and Level Annotations

Branches:
Dungeon (15/15)            Temple (1/1) D:5           Swamp (0/3) D:13
  Snake (0/3) D:13            Orc (2/2) D:8             Elf (3/3) Orc:2
 Vaults (0/4) D:15         Depths (0/5) D:15
   Lair: D:-1         Crypt: Vaults:-1

Altars:
Ashenzari
Dithmenos
Elyvilon
Fedhas
Hepliaklqana
Kikubaaqudgha
Makhleb
Nemelex Xobeh
Okawaru
Ru
Trog
Vehumet
Yredelemnul
Zin
The Shining One
Beogh

Shops:
D:11 *   Orc:2 ![}:

Annotations:
D:15 exclusion: Roxanne, Roxanne


Message History

* * * LOW HITPOINT WARNING * * *
You block the Executioner's attack. x2; The Executioner completely misses you.
You riposte.
You hit the Executioner but do no damage.
The Executioner is lightly wounded.
The Executioner hits you!
* * * LOW HITPOINT WARNING * * *
The Executioner completely misses you.
The Executioner is engulfed in roaring flames.
The Executioner completely misses you.
You riposte.
You hit the Executioner but do no damage.
The Executioner is lightly wounded.
The Executioner hits you.
* * * LOW HITPOINT WARNING * * *
The Executioner hits you but does no damage.
The Executioner is engulfed in roaring flames.
The Executioner hits you!
* * * LOW HITPOINT WARNING * * *
The Executioner hits you.
You die...

##.##.### #..#
#..##§#.# ...#
##.##.#.##...#
##..§.#§..#
#.# #§§§#
##.#.#§§#
####§###
#..§§1§#
####§#@# #.#∩#
#.#.# .....
#.... ###.##
..# #..


You could see an Executioner.

Vanquished Creatures
  Saint Roka (Elf:3)
  2 deep elf blademasters
  2 deep elf master archers (Elf:3)
  2 iron trolls (D:13)
  A tentacled starspawn (Abyss:3)
  4 deep elf sorcerers
  An orc warlord (Orc:1)
  A reaper (IceCv)
  8 deep elf elementalists
  A stone giant (Elf:1)
  6 deep elf annihilators (Elf:3)
  4 deep elf demonologists
  Snorg (Orc:2)
  2 deep elf death magi (Elf:2)
  3 ogre magi
  A yaktaur captain (D:15)
  Erolcha (Orc:2)
  8 deep elf high priests
  3 centaur warriors (D:15)
  3 hydras
  A death knight (D:13)
  6 dancing weapons
  A tengu warrior (D:15)
  2 orc high priests (Orc:1)
  A fire crab (shapeshifter) (D:15)
  8 deep elf knights
  2 large abominations (Abyss:3)
  2 skeletal warriors (D:13)
  A deep troll (D:13)
  A wizard (D:14)
  3 unseen horrors
  An obsidian statue (Elf:2)
  8 hill giants
  8 deep elf archers
  22 deep elf magi
  2 oklob plants (D:11)
  13 orc sorcerers
  2 manticores
  9 ugly things
  9 cyclopes
  2 ice statues (IceCv)
  6 gargoyles
  A yaktaur (D:15)
  2 rime drakes (D:14)
  2 kobold demonologists
  A rime drake (shapeshifter) (D:10)
  An efreet (D:15)
  A freezing wraith (D:13)
  9 ice devils (IceCv)
  A tengu conjurer (D:15)
  19 trolls
  A troll (shapeshifter) (D:15)
  2 wolf spider simulacra
  A wind drake (shapeshifter) (Elf:2)
  5 two-headed ogres
  2 hippogriffs
  An air elemental (Elf:3)
  A centaur simulacrum (D:14)
  30 yaks
  A wraith (D:8)
  A wyvern (D:11)
  4 hogs (D:7)
  2 water elementals
  3 fire elementals
  Eustachio (D:5)
  A golden eye (shapeshifter) (Elf:1)
  A basilisk (D:12)
  A human (D:7)
  2 angry ghosts
  7 wargs
  A mottled dragon (D:11)
  4 nagas (D:13)
  A soldier ant (D:15)
  2 sky beasts
  5 ice beasts
  2 eyes of draining
  27 orc warriors
  A wasp (D:12)
  A black bear (D:6)
  5 phantoms
  A necrophage (D:6)
  16 ogres
  14 centaurs
  3 big kobolds
  12 bullfrogs
  2 earth elementals (Elf:2)
  A gnoll sergeant (D:6)
  A wyvern skeleton (D:13)
  4 scorpions
  19 killer bees
  A troll skeleton (D:8)
  10 wights
  9 howler monkeys
  4 electric eels
  11 crimson imps
  10 jellies
  3 bullfrog zombies
  5 hounds
  A centaur zombie (D:9)
  2 centaur skeletons
  5 human zombies (D:8)
  22 orc priests
  45 orc wizards
  A bullfrog skeleton (D:10)
  A human skeleton (D:8)
  Terence (D:3)
  2 iguanas
  11 worker ants
  A mummy (D:8)
  2 worker ant zombies
  5 gnolls (D:6)
  9 adders
  5 shadow imps
  14 white imps
  8 ufetubi
  An ooze (D:3)
  A dart slug (D:2)
  9 leopard geckos
  97 orcs
  4 bats
  4 giant cockroaches
  11 goblins
  9 hobgoblins
  6 jackals
  20 kobolds
  6 quokkas
  A frilled lizard (D:1)
  A giant cockroach zombie (D:5)
  A leopard gecko skeleton (D:4)
  A leopard gecko zombie (D:5)
  2 orc skeletons (D:8)
  3 rats
  3 crawling corpses (Elf:2)
  A fungus (Elf:1)
  A starspawn tentacle (Abyss:3)
761 creatures vanquished.

Vanquished Creatures (others)
  A wizard (D:5)
  2 centaurs (D:15)
  An orc wizard (Orc:2)
  3 white imps (IceCv)
  2 ufetubi (IceCv)
  A plant (Elf:2)
  3 starspawn tentacles (Abyss:3)
13 creatures vanquished.

Grand Total: 774 creatures vanquished

Notes
Turn   | Place    | Note
-------+----------+-------------------------------------------
     0 | D:1      | PurpleRed the Deep Elf Conjurer began the quest for the Orb.
     0 | D:1      | Reached XP level 1. HP: 10/10 MP: 6/6
   189 | D:2      | Reached XP level 2. HP: 5/15 MP: 0/8
   193 | D:2      | Learned a level 2 spell: Searing Ray
   306 | D:2      | Reached skill level 5 in Conjurations
   480 | D:3      | Found a sacrificial altar of Ru.
   480 | D:3      | Found a basalt altar of Yredelemnul.
   533 | D:3      | Found a hazy altar of Hepliaklqana.
   638 | D:3      | Reached XP level 3. HP: 19/19 MP: 6/9
   844 | D:3      | Noticed Terence
   985 | D:3      | Killed Terence
   985 | D:3      | Reached XP level 4. HP: 20/24 MP: 3/11
  1120 | D:3      | Reached skill level 4 in Spellcasting
  1499 | D:4      | Noticed a centaur
  1539 | D:4      | Noticed an ogre
  1547 | D:4      | Killed an ogre
  1547 | D:4      | Reached XP level 5. HP: 24/28 MP: 4/14
  1553 | D:4      | Learned a level 4 spell: Iskenderun's Mystic Blast
  1559 | D:4      | Learned a level 5 spell: Iskenderun's Battlesphere
  1612 | D:4      | Killed a centaur
  1612 | D:4      | Reached skill level 5 in Spellcasting
  1612 | D:4      | Reached skill level 1 in Charms
  1612 | D:4      | Reached XP level 6. HP: 25/32 MP: 10/15
  1724 | D:5      | Entered Level 5 of the Dungeon
  1877 | D:5      | Noticed Eustachio
  1884 | D:5      | Reached XP level 7. HP: 31/36 MP: 9/17
  1895 | D:5      | Reached skill level 6 in Spellcasting
  1964 | D:5      | Killed Eustachio
  2367 | D:5      | Found a bloodstained altar of Trog.
  2368 | D:5      | Noticed a wizard
  2373 | D:5      | Killed a wizard
  2459 | D:5      | Found a staircase to the Ecumenical Temple.
  2468 | Temple   | Entered the Ecumenical Temple
  2478 | Temple   | Became a worshipper of Vehumet
  2549 | D:6      | Found a blossoming altar of Fedhas.
  2605 | D:6      | Reached skill level 7 in Spellcasting
  2649 | D:6      | Reached skill level 5 in Charms
  2649 | D:6      | Reached XP level 8. HP: 41/41 MP: 2/20
  2975 | D:6      | Reached skill level 1 in Shields
  2994 | D:6      | Reached * piety under Vehumet
  2994 | D:6      | Offered knowledge of Flame Tongue by Vehumet.
  3004 | D:6      | Learned a level 1 spell: Flame Tongue
  3237 | D:6      | Reached skill level 8 in Spellcasting
  3239 | D:6      | Reached skill level 10 in Conjurations
  3415 | D:7      | Reached XP level 9. HP: 20/45 MP: 13/23
  3869 | D:7      | Reached skill level 9 in Spellcasting
  4389 | D:8      | Reached ** piety under Vehumet
  4389 | D:8      | Offered knowledge of Throw Frost by Vehumet.
  4537 | D:8      | Reached XP level 10. HP: 50/50 MP: 24/25
  4715 | D:8      | Found a staircase to the Orcish Mines.
  4786 | D:8      | Found an ancient bone altar of Kikubaaqudgha.
  4792 | D:8      | Reached skill level 1 in Fire Magic
  5125 | D:8      | Found a glowing golden altar of the Shining One.
  5219 | D:8      | Offered knowledge of Ignite Poison by Vehumet.
  5222 | D:8      | Reached skill level 10 in Spellcasting
  5407 | D:9      | Reached *** piety under Vehumet
  5590 | D:9      | Found a glowing silver altar of Zin.
  5650 | D:9      | Noticed a manticore
  5653 | D:9      | Killed a manticore
  5677 | D:9      | Offered knowledge of Force Lance by Vehumet.
  5926 | D:10     | Entered Level 10 of the Dungeon
  6052 | D:10     | Noticed a gargoyle
  6055 | D:10     | Killed a gargoyle
  6055 | D:10     | Reached XP level 11. HP: 54/54 MP: 25/27
  6061 | D:10     | Learned a level 2 spell: Sublimation of Blood
  6189 | D:10     | Reached **** piety under Vehumet
  6200 | D:10     | Reached skill level 11 in Spellcasting
  6201 | D:10     | Offered knowledge of Lightning Bolt by Vehumet.
  6215 | D:10     | Noticed an ogre mage
  6225 | D:10     | Killed an ogre mage
  6385 | D:10     | Learned a level 6 spell: Bolt of Fire
  6543 | D:10     | Reached skill level 5 in Fire Magic
  6719 | D:10     | Noticed an eight-headed hydra
  6728 | D:10     | Killed an eight-headed hydra
  6728 | D:10     | Reached skill level 5 in Dodging
  6874 | D:10     | Killed an unseen horror
  7020 | D:11     | Found Xoniged's Island Escapes.
  7396 | D:11     | Bought 2 scrolls of blinking for 165 gold pieces
  7426 | D:11     | Reached ***** piety under Vehumet
  7429 | D:11     | Offered knowledge of Ozocubu's Refrigeration by Vehumet.
  7435 | D:11     | Reached skill level 1 in Fighting
  7463 | D:11     | Reached skill level 12 in Spellcasting
  7631 | D:11     | Noticed a hill giant
  7633 | D:11     | Killed a hill giant
  7749 | D:11     | Found a blossoming altar of Fedhas.
  7751 | D:11     | Noticed an oklob plant
  7751 | D:11     | Noticed an oklob plant
  7755 | D:11     | Killed an oklob plant
  7755 | D:11     | Reached XP level 12. HP: 44/62 MP: 30/30
  8523 | D:12     | Reached skill level 15 in Conjurations
  8681 | D:12     | Gained mutation: You expend magic power (3 MP) to strengthen your wands. [mutagenic meat]
  8687 | D:12     | Gained mutation: You tend to lose your temper in combat. [mutagenic meat]
  8690 | D:12     | Gained mutation: You are robust. (+10% HP) [mutagenic meat]
  8691 | D:12     | Lost mutation: You expend magic power (3 MP) to strengthen your wands. [potion of cure mutation]
  8691 | D:12     | Lost mutation: You tend to lose your temper in combat. [potion of cure mutation]
  8691 | D:12     | Lost mutation: You are robust. (+10% HP) [potion of cure mutation]
  9225 | D:13     | Noticed a four-headed hydra
  9230 | D:13     | Noticed a death knight
  9230 | D:13     | Killed a four-headed hydra
  9230 | D:13     | Reached skill level 13 in Spellcasting
  9405 | D:13     | Found a burning altar of Makhleb.
  9474 | D:13     | Killed a death knight
  9919 | D:13     | Reached XP level 13. HP: 70/70 MP: 28/32
  9986 | D:13     | Found a staircase to the Snake Pit.
 10012 | D:13     | Found a staircase to the Swamp.
 10386 | D:13     | Noticed an iron troll
 10475 | D:13     | Offered knowledge of Poison Arrow by Vehumet.
 10531 | D:13     | Noticed an iron troll
 10962 | D:13     | Killed an iron troll
 10962 | D:13     | Reached skill level 5 in Fighting
 11277 | D:13     | Killed an iron troll
 11277 | D:13     | Reached skill level 1 in Necromancy
 11609 | D:14     | Reached skill level 14 in Spellcasting
 11697 | D:14     | Found a frozen archway.
 11763 | IceCv    | Entered an ice cave
 12306 | IceCv    | Noticed a reaper
 12314 | IceCv    | Killed a reaper
 12623 | IceCv    | Got a polished demon blade
 12839 | IceCv    | Identified the +10 demon blade of Focus {freeze, MR+ Int+6 Dex+4} (You found it in an ice cave)
 13109 | D:14     | Gained mutation: You expend magic power (3 MP) to strengthen your wands. [mutagenic meat]
 13112 | D:14     | Gained mutation: You tend to lose your temper in combat. [mutagenic meat]
 13115 | D:14     | Gained mutation: You have sharp fingernails. [mutagenic meat]
 13118 | D:14     | Gained mutation: You passively map a small area around you. [mutagenic meat]
 13118 | D:14     | Lost mutation: You passively map a small area around you. [potion of cure mutation]
 13118 | D:14     | Lost mutation: You tend to lose your temper in combat. [potion of cure mutation]
 13118 | D:14     | Lost mutation: You expend magic power (3 MP) to strengthen your wands. [potion of cure mutation]
 13118 | D:14     | Lost mutation: You have sharp fingernails. [potion of cure mutation]
 13213 | D:14     | Offered knowledge of Delayed Fireball by Vehumet.
 13224 | D:14     | Learned a level 7 spell: Delayed Fireball
 13249 | D:14     | Reached XP level 14. HP: 78/78 MP: 14/34
 13639 | D:15     | Entered Level 15 of the Dungeon
 13739 | D:15     | Reached skill level 10 in Fire Magic
 13751 | D:15     | Noticed Roxanne
 13845 | D:15     | Reached skill level 5 in Necromancy
 13981 | D:15     | Found a shattered altar of Ashenzari.
 14235 | D:15     | Found a staircase to the Depths.
 14551 | D:15     | Found a gate to the Vaults.
 14847 | Orc:1    | Entered Level 1 of the Orcish Mines
 14849 | Orc:1    | Noticed an orc warlord
 14857 | Orc:1    | Killed an orc warlord
 14857 | Orc:1    | Reached skill level 15 in Spellcasting
 14895 | Orc:1    | Found a roughly hewn altar of Beogh.
 15075 | Orc:2    | Entered Level 2 of the Orcish Mines
 15191 | Orc:2    | Noticed Snorg
 15197 | Orc:2    | Killed Snorg
 15323 | Orc:2    | Found Daxzeath's Distillery.
 15367 | Orc:2    | Found an ancient bone altar of Kikubaaqudgha.
 15394 | Orc:2    | Found Qyemin's Antique Armour Shoppe.
 15433 | Orc:2    | Noticed Erolcha
 15531 | Orc:2    | Killed Erolcha
 15534 | Orc:2    | Found a radiant altar of Vehumet.
 15588 | Orc:2    | Found a roughly hewn altar of Beogh.
 15588 | Orc:2    | Found Saduphy's Gadget Emporium.
 15589 | Orc:2    | Reached ****** piety under Vehumet
 15599 | Orc:2    | Found Atzan's Book Emporium.
 15609 | Orc:2    | Bought a book of Fire for 780 gold pieces
 15615 | Orc:2    | Learned a level 5 spell: Fireball
 15623 | Orc:2    | Learned a level 7 spell: Ring of Flames
 15648 | Orc:2    | Bought a polished helmet for 218 gold pieces
 15658 | Orc:2    | Identified the +1 helmet "Lahih" {*Drain MP+9 Int+2 Dex+2} (You bought it in a shop on level 2 of the Orcish Mines)
 15814 | Orc:2    | Offered knowledge of Bolt of Magma by Vehumet.
 15915 | Orc:2    | Found a staircase to the Elven Halls.
 15946 | Orc:2    | Found a roughly hewn altar of Beogh.
 16800 | Orc:2    | Bought a book of Necromancy for 360 gold pieces
 16804 | Orc:2    | Learned a level 3 spell: Regeneration
 16926 | Elf:1    | Entered Level 1 of the Elven Halls
 16935 | Elf:1    | Noticed a stone giant
 16939 | Elf:1    | Killed a stone giant
 17032 | Elf:1    | Reached XP level 15. HP: 82/82 MP: 36/36
 17112 | Elf:2    | Reached skill level 10 in Charms
 17197 | Elf:2    | Reached skill level 16 in Spellcasting
 17207 | Elf:2    | Noticed a deep elf blademaster
 17210 | Elf:2    | Killed a deep elf blademaster
 17358 | Elf:3    | Entered Level 3 of the Elven Halls
 17421 | Elf:2    | Noticed a deep elf sorcerer
 17423 | Elf:2    | Killed a deep elf sorcerer
 17429 | Elf:2    | Reached skill level 17 in Spellcasting
 17561 | Elf:3    | Noticed Saint Roka
 17569 | Elf:3    | Offered knowledge of Spellforged Servitor by Vehumet.
 17587 | Elf:3    | Killed Saint Roka
 18228 | Elf:3    | Reached XP level 16. HP: 87/87 MP: 39/39
 18242 | Elf:3    | Reached skill level 18 in Spellcasting
 18251 | Elf:3    | Noticed a deep elf master archer
 18252 | Elf:3    | Killed a deep elf master archer
 18256 | Elf:3    | Noticed a deep elf master archer
 18258 | Elf:3    | Killed a deep elf master archer
 18386 | Elf:3    | Noticed a deep elf blademaster
 18390 | Elf:3    | Killed a deep elf blademaster
 18397 | Elf:3    | Reached skill level 19 in Spellcasting
 18398 | Elf:3    | Reached skill level 15 in Fire Magic
 18476 | Elf:3    | Cast into level 3 of the Abyss (a deep elf sorcerer)
 18477 | Abyss:3  | Noticed a tentacled starspawn
 18477 | Abyss:3  | Found a corrupted altar of Lugonu.
 18480 | Abyss:3  | Noticed a tentacled starspawn
 18530 | Abyss:3  | Noticed a tentacled starspawn
 18559 | Abyss:3  | Killed a tentacled starspawn
 18684 | Abyss:3  | Found a corrupted altar of Lugonu.
 18735 | Abyss:3  | Noticed an Executioner
 18749 | Abyss:3  | HP: 1/87 [Executioner (10)]
 18749 | Abyss:3  | Slain by an Executioner

Vault maps used:
D:1:      elethiomel_arrival_maze, minmay_misc_feat_four_crosses,
          glass_columns_c, minmay_small_reverse_x
D:2:      ecumenical_altar_1, grunt_decor_mini_mirrors, minmay_unequal
D:3:      lemuel_coloured_pillars_altar, grunt_temple_overflow_open,
          minivault_19, minmay_goblin_outpost, uniq_terence
D:5:      first_bread, hangedman_decor_opposing, trog_wizard, uniq_eustachio
D:6:      old_standard_altar, minmay_tree_intersection
D:7:      grunt_livestock
D:8:      corexii_shack_village, tso_oasis_becter,
          lemuel_mausoleum_altar_kikubaaqudgha
D:9:      lemuel_crystal_altar, minivault_4
D:10:     minmay_bloctagon, lightli_fourway_metalbox
D:11:     minmay_misc_feat_room, hangedman_tree_tricks, nicolae_island_escapes
D:12:     nooodl_orcs_dogs
D:13:     lemuel_troll_bridge, swamp_mist_pool,
          minmay_snake_entry_guardpost_small, basic_altar
D:14:     serial_ice, serial_ice_b, serial_ice_d, serial_ice_e, serial_ice_n,
          portal_ice_cave_rime
D:15:     grunt_enter_depths_snipers, david_vaults_2,
          nicolae_ashenzari_panopticon, uniq_roxanne
Temple:   eino_temple_water
Orc:1:    kennysheep_orc_chapel
Orc:2:    kennysheep_orc_mage_school, special_room, mines1_david, uniq_snorg
Elf:1:    minmay_roctagon, columned_hall_lemuel
Elf:2:    portal_desolation_entry_holy_temple, minivault_16,
          guppyfry_elf_castle, uniq_aizul
Elf:3:    minmay_elf_hall_x, uniq_saint_roka
Abyss:3:  hangedman_cross_veins, grunt_abyss_rune_wretched_hive
IceCv:    ice_cave_small_demon

Skill      XL: |  1  2  3  4  5  6  7  8  9 10 11 12 13 14 15 16 |
---------------+-------------------------------------------------+-----
Conjurations   | 5 6 7 9 10 11 13 14 15 17 | 17.9
Spellcasting   | 4 5 7 8 9 10 12 13 14 15 17 19 | 19.4
Charms         | 1 3 5 6 8 9 11 | 11.3
Shields        | 1 3 4 |  4.6
Fire Magic     | 4 6 8 9 11 13 15 | 15.3
Dodging        | 3 5 7 |  7.2
Fighting       | 1 4 5 |  5.0
Necromancy     | 4 6 |  6.6
Stealth        | |  2.4

Action                   |  1- 3 |  4- 6 |  7- 9 | 10-12 | 13-15 | 16-18 || total
-------------------------+-------+-------+-------+-------+-------+-------++-------
Melee: Rapier            |       |    13 |    22 |     2 |     4 |       ||    41
       Demon blade       |       |       |       |       |    25 |     3 ||    28
 Cast: Magic Dart        |    59 |    28 |   129 |   246 |   253 |     3 ||   718
       Searing Ray       |     1 |    15 |     2 |    41 |    13 |       ||    72
       Iskenderun's Batt |       |       |    30 |    86 |    99 |     2 ||   217
       Iskenderun's Myst |       |       |    14 |    55 |    78 |       ||   147
       Bolt of Fire      |       |       |       |    33 |    91 |       ||   124
       Sublimation of Bl |       |       |       |     2 |    26 |    11 ||    39
       Delayed Fireball  |       |       |       |       |     1 |     1 ||     2
       Fireball          |       |       |       |       |    96 |    55 ||   151
       Flame Tongue      |       |       |       |       |     4 |       ||     4
       Regeneration      |       |       |       |       |    16 |    10 ||    26
       Ring of Flames    |       |       |       |       |       |     1 ||     1
 Abil: Evoke Flight      |       |       |       |     1 |     8 |       ||     9
       Stop Flying       |       |       |       |       |     1 |       ||     1
       Release Delayed F |       |       |       |       |     1 |       ||     1
Evoke: Wand              |       |       |       |     1 |     1 |       ||     2
       Lamp of fire      |       |       |       |       |     1 |       ||     1
  Use: Scroll            |       |     8 |    11 |     9 |     7 |     4 ||    39
       Potion            |       |       |     1 |     3 |     2 |     1 ||     7
 Stab: Sleeping          |       |       |       |       |     1 |       ||     1
  Eat: Chunk             |       |     3 |    15 |    31 |    32 |       ||    81
       Fruit             |       |       |       |     5 |     6 |     1 ||    12
       Royal jelly       |       |       |       |     1 |       |       ||     1
       Pizza             |       |       |       |       |     6 |     1 ||     7
Armor: Robe              |     2 |     4 |     4 |    15 |     2 |     6 ||    33
       Troll leather arm |       |       |       |     6 |    30 |       ||    36
       Crystal plate arm |       |       |       |       |     1 |       ||     1
Dodge: Dodged            |     9 |    19 |    19 |    47 |    72 |    14 ||   180
Block: Buckler           |       |       |       |    24 |    51 |    21 ||    96
       Reflection        |       |       |       |       |    18 |       ||    18
